 Dungeon Crawl Stone Soup version 0.16-a0-3330-g2931290 (webtiles) character file.

1003 PolkaDot the Skirmisher (level 8, -4/64 HPs)
             Began as a Vampire Summoner on Dec 28, 2014.
             Was an Initiate of Sif Muna.
             Slain by an orc priest
             ... wielding a +0 mace
              (6 damage)
             ... on level 6 of the Dungeon.
             The game lasted 00:28:40 (7658 turns).

PolkaDot the Skirmisher (Vampire Summoner)          Turns: 7658, Time: 00:28:40

Health: -4/64      AC:  7    Str:  7    XL:     8   Next: 0%
Magic:  9/13       EV: 12    Int: 19    God:    Sif Muna [......]
Gold:   357        SH:  0    Dex: 14    Spells: 4 memorised, 1 level left

rFire  . . .     SeeInvis +     e - +0 falchion
rCold  . . .     Clarity  .     a - +1 robe
rNeg   . . .     SustAb   .     (no shield)
rPois  +         Gourm    .     c - +0 helmet
rElec  .         Spirit   .     (no cloak)
rCorr  .         Warding  .     q - +2 pair of gloves
rMut   +         Stasis   .     (no boots)
MR     .....                    h - amulet of resist mutation
Stlth  ++........               (no ring)
                                (no ring)

@: regenerating quickly, not resistant to hostile enchantments, unstealthy
A: bottle blood, fangs 3, see invisible, poison resistance, unbreathing
a: Renounce Religion


You were on level 6 of the Dungeon.
You worshipped Sif Muna.
Sif Muna was noncommittal.
You were very full.

You visited 2 branches of the dungeon, and saw 7 of its levels.

You collected 357 gold pieces.

Inventory:

Hand weapons
 e - a +0 falchion (weapon)
Armour
 a - a +1 robe (worn)
 c - a +0 helmet (worn)
 q - a +2 pair of gloves (worn)
Jewellery
 h - an amulet of resist mutation (around neck)
 u - an uncursed amulet of rage {unknown}
Scrolls
 i - a scroll of teleportation {unknown}
 k - a scroll of recharging
 l - 2 scrolls of remove curse
 n - a scroll of enchant armour
 p - 3 scrolls of enchant weapon
 r - a scroll of immolation {unknown}
 s - 3 scrolls of identify
 t - a scroll of magic mapping
Potions
 d - a potion of brilliance
 f - 14 potions of blood {@*1}
 j - a potion of restore abilities
 m - a potion of cure mutation {!q}
 o - 2 potions of curing
Books
 b - a book of Callings

   Spells                             Type                      Level
   a - Summon Small Mammal            Summoning                    1
   b - Call Imp                       Summoning                    2
   c - Call Canine Familiar           Summoning                    3
   d - Summon Guardian Golem          Hexes/Summoning              4
   e - Summon Lightning Spire         Summoning/Air                4
   f - Summon Ice Beast               Ice/Summoning                4


   Skills:
 - Level 6.0 Fighting
   Level 1.3(3.4) Short Blades
 + Level 4.5(4.6) Long Blades
 - Level 2.1 Dodging
 - Level 3.0 Stealth
 - Level 2.0 Spellcasting
 + Level 4.5 Summonings
 * Level 2.8 Ice Magic


You had one spell level left.
You knew the following spells:

 Your Spells              Type           Power        Failure   Level  Hunger
d - Call Canine Familiar  Summ           ###.....     10%         3    ###....
i - Summon Ice Beast      Ice/Summ       ###.....     38%         4    #####..
s - Call Imp              Summ           ###.....     4%          2    ###....
z - Summon Small Mammal   Summ           ###.         2%          1    #......


Dungeon Overview and Level Annotations

Branches:
Dungeon (6/15)             Temple (1/1) D:4

Altars:
Ashenzari
Cheibriados
Elyvilon
Fedhas
Kikubaaqudgha
Makhleb
Nemelex Xobeh
Okawaru
Qazlal
Ru
Sif Muna
Trog
Xom
Yredelemnul
Zin
The Shining One


Innate Abilities, Weirdness & Mutations

Your natural rate of healing is unusually fast.
You can bottle blood from corpses.
You have razor-sharp teeth.
You have supernaturally acute eyesight.
You can survive without breathing.
Your system is resistant to poisons.


Message History

* * * LOW HITPOINT WARNING * * *
The wight freezes you!
* * * LOW HITPOINT WARNING * * *
Your hound barely misses the wight.
Your hound bites the wight but does no damage.
You found a teleport trap!
Really walk into that teleport trap?
You enter a teleport trap!
The teleport trap disappears.
Your surroundings suddenly seem different.
A quokka, 3 orcs and a zombie come into view.
The orc priest shouts!
The orc shouts!
The orc warrior hits you from afar with a trident of pain.
* * * LOW HITPOINT WARNING * * *
You writhe in agony.
The quokka twitches its whiskers.
Read which item? (? for menu, Esc to quit)
As you read the scroll labeled CLAUFE WESIM, it crumbles to dust.
The scroll dissolves into smoke.
It was a scroll of fog.
The orc closely misses you. The orc priest hits you with a mace.
You die...

#. .######
..
.Z....§§##
#.
#..r..o§@#
..
#..####oo#
#. #..§§
#..### ...
###. #. #.
.


You could see an orc warrior, an orc priest and an orc.

Vanquished Creatures
  A centaur (D:5)
  A giant frog zombie (D:6)
  2 crimson imps
  A giant frog skeleton (D:5)
  A hound (D:4)
  An iguana (D:6)
  An orc priest (D:4)
  Ijyb (D:4)
  Robin (D:3)
  4 adders
  7 gnolls
  A worm (D:2)
  3 giant geckos
  4 orcs
  12 bats
  6 giant cockroaches
  31 hobgoblins
  8 jackals
  A quokka (D:4)
  2 ball pythons
  3 giant newts
  42 goblins
  11 kobolds
  9 rats
154 creatures vanquished.

Vanquished Creatures (collateral kills)
  2 ogres
  An ice beast (D:6)
  A big kobold (D:3)
  A wight (D:6)
  A jelly (D:6)
  A crimson imp (D:5)
  A centaur skeleton (D:4)
  An orc wizard (D:4)
  Terence (D:2)
  A gnoll (D:3)
  A shadow imp (D:5)
  3 worms
  A giant gecko (D:1)
  2 orcs (D:4)
  4 goblins
  4 hobgoblins
  4 kobolds
  3 jackals
  A rat (D:2)
34 creatures vanquished.

Vanquished Creatures (others)
  An iron imp (D:2)
  3 hounds
  2 shadow imps
  A bat (D:2)
  A rat (D:2)
8 creatures vanquished.

Grand Total: 196 creatures vanquished

Notes
Turn   | Place    | Note
--------------------------------------------------------------
     0 | D:1      | PolkaDot, the Vampire Summoner, began the quest for the Orb.
     0 | D:1      | Reached XP level 1. HP: 13/13 MP: 3/3
    95 | D:1      | Reached skill level 1 in Fighting
   280 | D:1      | Reached XP level 2. HP: 21/21 MP: 4/4
   776 | D:1      | Learned a level 2 spell: Call Imp
   821 | D:2      | Reached XP level 3. HP: 27/27 MP: 6/6
  1009 | D:2      | Found a sparkling altar of Nemelex Xobeh.
  1209 | D:2      | Learned a level 3 spell: Call Canine Familiar
  1326 | D:2      | Reached skill level 1 in Short Blades
  1740 | D:2      | Noticed Terence
  1836 | D:2      | Gained mutation: Your system is resistant to poisons. [potion of beneficial mutation]
  1859 | D:2      | Killed Terence
  2168 | D:2      | Reached XP level 4. HP: 35/35 MP: 7/7
  2429 | D:3      | Noticed Robin
  2634 | D:3      | Killed Robin
  2811 | D:3      | Reached skill level 1 in Long Blades
  3357 | D:3      | Noticed a big kobold
  3400 | D:3      | Reached XP level 5. HP: 26/42 MP: 9/9
  3426 | D:3      | Killed a big kobold
  4754 | D:4      | Reached XP level 6. HP: 17/49 MP: 6/10
  5294 | D:4      | Noticed Ijyb
  5336 | D:4      | Killed Ijyb
  5568 | D:4      | Found a staircase to the Ecumenical Temple.
  5576 | Temple   | Entered the Ecumenical Temple
  5893 | D:4      | Reached skill level 5 in Fighting
  6100 | D:5      | Entered Level 5 of the Dungeon
  6177 | D:5      | Found an iron altar of Okawaru.
  6180 | D:5      | Found a burning altar of Makhleb.
  6195 | D:5      | Found a snail-covered altar of Cheibriados.
  6222 | D:5      | Found a deep blue altar of Sif Muna.
  6226 | D:5      | Became a worshipper of Sif Muna the Loreminder
  6376 | D:5      | Reached XP level 7. HP: 33/57 MP: 12/12
  6931 | D:5      | Reached skill level 6 in Fighting
  7044 | D:5      | Learned a level 4 spell: Summon Ice Beast
  7128 | D:6      | Reached skill level 1 in Ice Magic
  7610 | D:6      | Reached XP level 8. HP: 12/64 MP: 3/13
  7657 | D:6      | HP: 2/64 [orc warrior/trident of pain (4)]
  7658 | D:6      | Slain by an orc priest

Action                   |  1- 3 |  4- 6 |  7- 9 || total
-------------------------+-------+-------+-------++-------
Melee: Unarmed           |    33 |       |       ||    33
       Dagger            |   140 |       |       ||   140
       Falchion          |     6 |   427 |   172 ||   605
 Cast: Summon Small Mamm |    14 |       |       ||    14
       Call Imp          |    15 |    12 |     5 ||    32
       Call Canine Famil |     1 |    10 |     6 ||    17
  Use: Potion            |     7 |    31 |     8 ||    46
       Scroll            |     7 |     2 |     1 ||    10
 Stab: Sleeping          |     3 |     6 |     3 ||    12
       Distracted        |       |     3 |     1 ||     4
  Eat: Corpse            |    11 |     2 |     2 ||    15
